 Dungeon Crawl Stone Soup version 0.22-b1-26-g9dbaab1 (webtiles) character file.

116 Doobh the Sneak (level 5, -3/32 HPs)
             Began as a Kobold Assassin on Aug 9, 2018.
             Splashed by a jelly's acid (8 damage)
             ... on level 2 of the Dungeon.
             The game lasted 00:05:40 (2001 turns).

Doobh the Sneak (Kobold Assassin)                   Turns: 2001, Time: 00:05:42

Health: -3/32      AC: -5    Str:  9    XL:     5   Next: 20%
Magic:  5/5        EV: 15    Int: 12    God:
Gold:   54         SH:  0    Dex: 17    Spells: 4/4 levels left

rFire    . . .     SeeInvis .   a - +2 dagger
rCold    . . .     Gourm    .   (shield restricted)
rNeg     . . .     Faith    .   c - +0 robe
rPois    .         Spirit   .   (no helmet)
rElec    .         Reflect  .   d - +0 cloak
rCorr    .         Harm     .   (no gloves)
MR       .....                  (no boots)
Stlth    +++.......             (no amulet)
HPRegen  0.10/turn              (no ring)
MPRegen  0.09/turn              (no ring)

@: corroded
A: small, carnivore
a: no special abilities


You were on level 2 of the Dungeon.
You were very full.

You visited 1 branch of the dungeon, and saw 2 of its levels.

You collected 54 gold pieces.

Inventory:

Hand Weapons
 a - a +2 dagger (weapon)
 b - a +0 blowgun
Missiles
 e - 18 poisoned needles
 f - 2 curare-tipped needles
 o - 54 stones (quivered)
Armour
 c - a +0 robe (worn)
 d - a +0 cloak (worn)
Scrolls
 h - 2 scrolls of identify {unknown}
 k - a scroll of fear {unknown}
 l - a scroll of amnesia {unknown}
 m - a scroll of enchant armour {unknown}
 q - a scroll of random uselessness {unknown}
 s - a scroll of teleportation {unknown}
Potions
 i - 2 potions of brilliance {unknown}
 j - 2 potions of experience {unknown}
 n - a potion of curing {unknown}
 p - a potion of flight {unknown}
 r - a potion of mutation {unknown}
 t - a potion of haste {unknown}
Comestibles
 g - 6 rations


   Skills:
 + Level 3.0 Fighting
 * Level 4.3 Short Blades
 + Level 3.0 Throwing
 + Level 2.4 Dodging
 + Level 5.9 Stealth


You had 4 spell levels left.
You didn't know any spells.
Your spell library was empty.

Dungeon Overview and Level Annotations

Branches:
Dungeon (2/15)

Altars:


Innate Abilities, Weirdness & Mutations

You are small and have problems with some larger weapons.
You are carnivorous and can eat meat at any time.


Message History

The jelly hits you. The acid corrodes you!
You are splashed with acid!
The acid burns!
You hit the jelly.
Your hands burn!
The jelly is severely wounded.
The jelly misses you.
You hit the jelly but do no damage. The acid corrodes you!
Your hands burn!
The jelly is severely wounded.
The jelly barely misses you.
You barely miss the jelly.
The jelly is severely wounded.
You hit the jelly but do no damage.
Your hands burn!
The jelly is severely wounded.
The jelly barely misses you.
You hit the jelly.
Your hands burn!
* * * LOW HITPOINT WARNING * * *
The jelly is severely wounded.
The jelly hits you.
* * * LOW HITPOINT WARNING * * *
You are splashed with acid!
The acid burns!
You die...

########............#...#
#...........##...##.#...#
#...........###.###.#...#
#...........#.....#.#####
##..<......#.#.#.#.#.#
...........#.#.#.#.#.#
##.#########.#.......# #.
#####.####....# #
#.))..JJJ@....#
###.########....# #.....#
#....# ##'('## #.<..#
##.(.## #....# ##..J..##
#....# #.......# #....#
#......†# ####.#
#.......# #.#


You could see 2 jellies and an ooze.

Vanquished Creatures
  A hound (D:2)
  2 adders (D:2)
  3 oozes
  2 worms (D:1)
  4 bats
  11 giant cockroaches
  3 goblins
  A hobgoblin (D:1)
  4 jackals (D:1)
  11 kobolds
  2 frilled lizards (D:2)
  7 rats
51 creatures vanquished.

Vanquished Creatures (others)
  2 rats (D:1)
  10 toadstools (D:2)
12 creatures vanquished.

Grand Total: 63 creatures vanquished

Notes
Turn   | Place    | Note
-------+----------+-------------------------------------------
     0 | D:1      | Doobh the Kobold Assassin began the quest for the Orb.
     0 | D:1      | Reached XP level 1. HP: 12/12 MP: 1/1
    77 | D:1      | Found a runed door.
   127 | D:1      | Reached XP level 2. HP: 16/17 MP: 2/2
   767 | D:1      | Reached XP level 3. HP: 21/22 MP: 3/3
   947 | D:1      | Reached XP level 4. HP: 20/27 MP: 4/4
  1524 | D:2      | Reached XP level 5. HP: 19/32 MP: 5/5
  2001 | D:2      | Splashed by a jelly's acid

Skill      XL: |  1  2  3  4  5 |
---------------+----------------+-----
Short Blades   | 3 4 |  4.3
Dodging        | 2 |  2.4
Throwing       | 3 |  3.0
Fighting       | 3 |  3.0
Stealth        | |  5.9

Action                   |  1- 3 |  4- 6 || total
-------------------------+-------+-------++-------
Melee: Dagger            |   125 |    89 ||   214
 Fire: Blowgun           |    15 |       ||    15
Throw: Stone             |       |     2 ||     2
 Stab: Sleeping          |     5 |     3 ||     8
  Eat: Chunk             |     8 |     3 ||    11
Armor: Robe              |    28 |    10 ||    38
Dodge: Dodged            |    83 |    57 ||   140
